Map: Odyssee LE

Players

Gordon

  • Race: Zerg Zerg
  • League: Diamond
  • Spawn Location: 5:00

Panda - Winner!

  • Race: Zerg Zerg
  • League: Diamond
  • Spawn Location: 11:00

VOD

Have the link to the VOD?

Description

Time

  • Played on: Sept. 7, 2017, 9 a.m.
  • Length: 4:20
Show
View Real Time Build Order
Export as new Build Order

Gordon Zerg 

Build Orders: Hatch First 

Get SALT Encoding   

  12  0:01  Drone  
  13  0:12  Overlord  
  13  0:17  Drone  
  14  0:30  Drone x2  
  16  0:41  Drone  
  17  0:52  Hatchery  
  17  0:56  Drone  
  17  0:59  Extractor  
  17  1:01  Drone  
  17  1:16  Spawning Pool  
  16  1:19  Drone  
  16  1:23  Drone  
  18  1:28  Drone  
  19  1:38  Drone  
  20  1:49  Overlord  
  20  2:02  Queen  
  20  2:04  Queen  
  20  2:05  Zergling x2  
  20  2:06  Zergling x2  
  26  2:13  Metabolic Boost  
  22  2:34  Zergling x2  
  22  2:35  Zergling x2  
  24  2:42  Zergling x4  
  13  3:07  Zergling x6  
  13  3:08  Zergling x2  
  16  3:19  Drone  
  17  3:37  Drone x3  
  20  3:52  Spine Crawler  
Show
View Real Time Build Order
Export as new Build Order

Panda Zerg - Winner!

Build Orders: Pool Only, Zergling Baneling 

Get SALT Encoding   

  12  0:00  Drone  
  13  0:15  Extractor  
  12  0:24  Spawning Pool  
  11  0:29  Drone  
  11  0:34  Drone  
  13  0:42  Drone  
  14  0:48  Overlord  
  14  1:10  Zergling x4  
  16  1:12  Zergling x2  
  16  1:17  Metabolic Boost  
  17  1:26  Queen  
  17  1:32  Zergling x2  
  20  1:38  Zergling x2  
  21  1:46  Baneling Nest  
  20  1:51  Zergling x2  
  21  1:59  Zergling x2  
  22  2:22  Zergling x2  
  21  2:38  Baneling  
  21  2:39  Baneling x4  
  21  2:41  Overlord  
  21  2:55  Zergling x4  
  20  3:01  Zergling x2  
  19  3:06  Zergling x2  
  19  3:13  Zergling x2  
  19  3:17  Zergling x2  
  19  3:18  Zergling x2  
  22  3:29  Zergling x2  
  22  3:30  Zergling x2  
  24  3:36  Baneling x3  
  24  3:44  Zergling x2  
Tags
 
Matchup
ZvZ
Race
Zerg
Replay Pack
replays1
Spawn Locations
Cross Positions
Add a new tag
Caveats
  • Supply blocks, unpowered buildings, or Contaminate may cause inaccurate times.
  • Supply counts are checked every 10 seconds.